 Dungeon Crawl Stone Soup version 0.27-a0-1188-g73eefd5def (webtiles) character file.

Game seed: 7207041925700357101

31465 HoaS the Phalangite (level 13, -7/68 HPs)
             Began as a Tengu Berserker on May 21, 2021.
             Was a High Priest of Trog.
             Mangled by a komodo dragon (26 damage)
             ... on level 6 of the Lair of Beasts.
             The game lasted 00:35:18 (12691 turns).

HoaS the Phalangite (Tengu Berserker)              Turns: 12691, Time: 00:35:19

Health: -7/68      AC: 16    Str: 32    XL:     13   Next: 58%
Magic:  14/14      EV: 11    Int:  7    God:    Trog [*****.]
Gold:   4230       SH:  0    Dex: 15    Spells: 12/12 levels left

rFire    . . .     SeeInvis .   w - +9 bardiche of Mastery {drain, rN+ Str+4}
rCold    . . .     Faith    .   (shield currently unavailable)
rNeg     + . .     Spirit   .   f - +2 chain mail {rPois}
rPois    +         Reflect  .   n - +1 hat
rElec    .         Harm     .   u - +0 cloak
rCorr    .         Rampage  .   (no gloves)
Will     .....                  (boots unavailable)
Stlth    ..........             k - amulet of regeneration
HPRegen  1.21/turn              r - +6 ring of strength
MPRegen  0.14/turn              y - +4 ring of protection

@: flying quickly and evasively, quick
A: beak, talons 3, nimble flight
a: Renounce Religion, Berserk, Trog's Hand, Brothers in Arms


You were on level 6 of the Lair of Beasts.
You worshipped Trog.
Trog was extremely pleased with you.
You visited 3 branches of the dungeon, and saw 17 of its levels.
You also visited: Bailey.

You collected 4230 gold pieces.

Inventory:

Hand Weapons
 q - a +1 trident
 w - the +9 bardiche of Mastery (weapon) {drain, rN+ Str+4}
   (You acquired it on level 2 of the Dungeon)

   A truly terrible weapon, it drains the life of those it strikes.
   It affects your strength (+4).
   It protects you from negative energy.
Missiles
 m - 5 curare-tipped darts
 z - 5 boomerangs of dispersal
 C - 11 atropa-tipped darts
Armour
 f - a +2 chain mail of poison resistance (worn)
 n - a +1 hat (worn)
 u - a +0 cloak (worn)
Jewellery
 j - a ring of fire
 k - an amulet of regeneration (around neck)
 r - a +6 ring of strength (left hand)
 x - a ring of fire
 y - a +4 ring of protection (right hand)
Wands
 c - a wand of flame (17)
 i - a wand of mindburst (23) (quivered)
 s - a wand of iceblast (37)
 v - a wand of paralysis (35)
 F - a wand of polymorph (20)
 G - a wand of charming (8)
Scrolls
 l - 2 scrolls of fog
 o - 8 scrolls of teleportation
 t - a scroll of magic mapping
 E - a scroll of summoning
Potions
 a - 5 potions of might
 b - 2 potions of berserk rage
 d - 7 potions of attraction
 e - a potion of lignification {unknown}
 g - 2 potions of curing
 h - 4 potions of ambrosia
 A - 2 potions of resistance
 B - a potion of haste {unknown}
 D - a potion of magic {unknown}
 I - 2 potions of mutation
 J - a potion of invisibility {unknown}


   Skills:
 - Level 3.0 Fighting
 + Level 22.2 Polearms
 - Level 2.1 Armour
 - Level 2.1 Dodging


You had 12 spell levels left.
You didn't know any spells.
Your spell library was empty.

Dungeon Overview and Level Annotations

Branches:
Dungeon (10/15)            Temple (1/1) D:5            Lair (6/6) D:10
 Shoals (0/4) Lair:3       Spider (0/4) Lair:2        Slime (0/5) Lair:5
 Bailey (visited)
    Orc: D:9-12

Altars:
Ashenzari
Cheibriados
Dithmenos
Elyvilon
Fedhas
Gozag
Hepliaklqana
Kikubaaqudgha
Makhleb
Nemelex Xobeh
Okawaru
Qazlal
Ru
Sif Muna
Trog
Uskayaw
Vehumet
Wu Jian
Xom
Yredelemnul
Zin
The Shining One
Jiyva


Innate Abilities, Weirdness & Mutations

You have a beak for a mouth.
You have claws for feet.
Your magical nature lets you fly swiftly and evasively.


Message History

The hornet stings you.
You feel yourself slow down.
You miss the hornet. Your peck misses the hornet.
The hornet is severely wounded.
The hornet stings you but does no damage.
The manticore bites you!
The manticore misses you. x2; The hornet stings you.
You are poisoned.
You slice the hornet!!
You kill the hornet!
Trog accepts your kill. Something appears before you!
You see here a +2 halberd of flaming.
Trog grants you a weapon!
You feel yourself speed up.
You feel sick. The manticore bites you! The manticore barely misses you.
The manticore claws you but does no damage.
The manticore bites you! The manticore closely misses you.
The manticore claws you.
Your chain mail prevents you from hitting the manticore.
You claw the manticore!
The manticore is lightly wounded.
You feel sick. The manticore bites you. The manticore claws you.
The manticore claws you but does no damage.
You open the manticore like a pillowcase!!!
You kill the manticore!
Trog accepts your kill.
You feel sick.
You hear an angry hiss.
You hear a howl!
The komodo dragon bites you!
* * * LOW HITPOINT WARNING * * *
You feel much better.
You feel sick. The komodo dragon bites you!
You are confused.
You feel invigorated.
You feel sick. The komodo dragon bites you!!
* * * LOW HITPOINT WARNING * * *
You feel better.
You feel less invigorated. The komodo dragon bites you!
* * * LOW HITPOINT WARNING * * *
You feel much better. The komodo dragon bites you.
You feel much better. The komodo dragon bites you!!
You barely miss the komodo dragon. You peck the komodo dragon.
The komodo dragon is lightly wounded.
The komodo dragon bites you!!
You die...

...P##.# .(.....#
.......#### ........#.#
.........## ## .
..####..## ######.## .P.
##<.####..##...#P...
#P....###...........
#P..†≈.≈≈...@†......
..≈≈...≈..≈..≈≈≈l≈.....
#≈≈..≈≈##≈≈.#≈≈##≈≈...?
#≈≈#.≈≈#.≈≈.#≈≈# ≈≈##..
≈≈≈≈≈≈≈≈≈≈≈≈≈P≈≈≈≈ ≈≈≈ .
≈≈≈≈≈≈≈≈#≈P≈P≈≈≈≈≈≈≈≈≈.
#######...#########≈#...
≈≈≈≈ #.. ≈≈≈≈#


You could see a komodo dragon.

Vanquished Creatures
  2 hydras
  A catoblepas (Lair:3)
  4 death yaks (Lair:4)
  A lindwurm (Lair:5)
  An orc knight (Bailey)
  6 elephants (Lair:5)
  2 manticores (Lair:6)
  A merfolk siren (Lair:3)
  Maurice (D:8)
  2 black mambas
  13 cane toads
  A torpor snail (Lair:5)
  Maggie (Lair:1)
  4 rime drakes
  Psyche (D:10)
  A kobold demonologist (D:9)
  3 komodo dragons
  A troll (D:10)
  3 polar bears
  A hornet (Lair:6)
  Grinder (D:5)
  Sigmund (D:5)
  3 redbacks (Lair:2)
  39 yaks
  5 wyverns
  4 basilisks
  A steam dragon (D:7)
  Menkaure (D:5)
  An acid dragon (D:6)
  9 water moccasins
  2 orc warriors (Bailey)
  2 ice beasts (D:7)
  An ogre (D:5)
  2 sky beasts
  2 necrophages
  A centaur (D:8)
  18 wolves
  4 kobold brigands
  14 bullfrogs
  2 gnoll sergeants
  A scorpion (D:4)
  A wyvern skeleton (D:6)
  4 wights
  4 electric eels
  4 centaur zombies
  A bullfrog zombie (D:5)
  2 jellies
  5 hounds
  A bullfrog skeleton (D:6)
  A gnoll shaman (D:9)
  4 orc priests
  3 centaur skeletons
  2 iguanas (D:6)
  7 orc wizards
  A howler monkey zombie (D:8)
  20 gnolls
  11 adders
  4 white imps
  An ufetubus (D:5)
  A worm (D:3)
  A dart slug (D:1)
  17 orcs
  15 ball pythons
  5 endoplasms
  5 giant cockroaches
  8 goblins
  14 hobgoblins
  36 kobolds
  4 quokkas
  4 bats (D:2)
  2 frilled lizards
  7 rats
359 creatures vanquished.

Vanquished Creatures (others)
  An orc wizard (D:7)
  14 fungi
  85 plants
100 creatures vanquished.

Grand Total: 459 creatures vanquished

Notes
Turn   | Place    | Note
-------+----------+-------------------------------------------
     0 | D:1      | HoaS the Tengu Berserker began the quest for the Orb.
     0 | D:1      | Reached XP level 1. HP: 14/14 MP: 2/2
   191 | D:1      | Reached XP level 2. HP: 19/19 MP: 3/3
   194 | D:1      | Reached skill level 4 in Polearms
   806 | D:2      | Identified a scroll of acquirement
   806 | D:2      | Acquired the +9 bardiche of Mastery {drain, rN+ Str+4}
   826 | D:2      | Reached XP level 3. HP: 23/23 MP: 4/4
   847 | D:2      | Reached ** piety under Trog
   958 | D:2      | Reached skill level 5 in Polearms
   962 | D:2      | Reached XP level 4. HP: 11/28 MP: 5/5
  1481 | D:2      | Found a faded altar of an unknown god.
  1545 | D:3      | Found a white marble altar of Elyvilon.
  1793 | D:3      | Found a sacrificial altar of Ru.
  1793 | D:3      | Found a bloodstained altar of Trog.
  1793 | D:3      | Found a radiant altar of Vehumet.
  1935 | D:3      | Reached skill level 6 in Polearms
  2055 | D:3      | Noticed a sky beast
  2067 | D:3      | Gained mutation: Your magical nature lets you fly swiftly
                  | and evasively. [Tengu growth]
  2067 | D:3      | Reached XP level 5. HP: 23/32 MP: 3/6
  2067 | D:3      | Killed a sky beast
  2068 | D:3      | Reached skill level 7 in Polearms
  2395 | D:3      | Reached *** piety under Trog
  2823 | D:4      | Reached XP level 6. HP: 37/37 MP: 7/7
  2855 | D:4      | Reached skill level 8 in Polearms
  2866 | D:4      | Identified the +0 scale mail of Becetiu {rPois}
  3139 | D:4      | Reached XP level 7. HP: 41/41 MP: 8/8
  3197 | D:4      | Reached skill level 9 in Polearms
  3359 | D:4      | Reached **** piety under Trog
  3571 | D:5      | Entered Level 5 of the Dungeon
  3581 | D:5      | Found a staircase to the Ecumenical Temple.
  3608 | Temple   | Entered the Ecumenical Temple
  3829 | D:5      | Noticed Sigmund
  3834 | D:5      | Killed Sigmund
  3835 | D:5      | Reached skill level 10 in Polearms
  3835 | D:5      | Reached XP level 8. HP: 45/46 MP: 9/9
  3931 | D:5      | Noticed Grinder
  3942 | D:5      | Killed Grinder
  3943 | D:5      | Reached skill level 11 in Polearms
  4123 | D:5      | Noticed Menkaure
  4126 | D:5      | Killed Menkaure
  4276 | D:5      | Found a shimmering altar of Xom.
  4463 | D:5      | Acquired 1127 gold pieces
  4525 | D:6      | Reached skill level 12 in Polearms
  4531 | D:6      | Reached XP level 9. HP: 50/50 MP: 10/10
  5044 | D:7      | Found a flagged portal.
  5055 | D:7      | Reached skill level 13 in Polearms
  5091 | Bailey   | Entered a bailey
  5145 | Bailey   | Noticed an orc knight
  5155 | Bailey   | Killed an orc knight
  5159 | Bailey   | Reached skill level 14 in Polearms
  5161 | Bailey   | Found a bloodstained altar of Trog.
  5284 | D:7      | Reached ***** piety under Trog
  5334 | D:7      | Acquired 901 gold pieces
  5503 | D:7      | Reached XP level 10. HP: 56/56 MP: 11/11
  5911 | D:8      | Reached skill level 15 in Polearms
  6611 | D:8      | Noticed Maurice
  6616 | D:8      | Killed Maurice
  7077 | D:9      | Reached skill level 16 in Polearms
  7279 | D:9      | Noticed a kobold demonologist
  7287 | D:9      | Killed a kobold demonologist
  7330 | D:10     | Entered Level 10 of the Dungeon
  7372 | D:10     | Reached XP level 11. HP: 56/60 MP: 12/12
  7376 | D:10     | Found a staircase to the Lair.
  7390 | D:10     | Reached skill level 17 in Polearms
  7695 | D:10     | Found a glowing silver altar of Zin.
  7769 | D:10     | Noticed Psyche
  7770 | D:10     | Killed Psyche
  8093 | Lair:1   | Entered Level 1 of the Lair of Beasts
  8631 | Lair:1   | Noticed Maggie
  8642 | Lair:1   | Killed Maggie
  8643 | Lair:1   | Reached skill level 18 in Polearms
  8735 | Lair:1   | Acquired 992 gold pieces
  8833 | Lair:2   | Received a gift from Trog
  8841 | Lair:2   | Found a hole to the Spider Nest.
  9083 | Lair:2   | Noticed an eight-headed hydra
  9089 | Lair:2   | Killed a ten-headed hydra
  9711 | Lair:3   | Reached skill level 19 in Polearms
  9711 | Lair:3   | Reached XP level 12. HP: 63/64 MP: 13/13
  9757 | Lair:3   | Noticed a catoblepas
  9886 | Lair:3   | Killed a catoblepas
 10004 | Lair:3   | Found a staircase to the Shoals.
 10342 | Lair:4   | Reached skill level 20 in Polearms
 10647 | Lair:4   | Noticed a five-headed hydra
 10655 | Lair:4   | Killed a five-headed hydra
 11336 | Lair:5   | Found a staircase to the Slime Pits.
 11336 | Lair:5   | Found a viscous altar of Jiyva.
 11450 | Lair:5   | Noticed a death yak
 11450 | Lair:5   | Noticed a death yak
 11450 | Lair:5   | Noticed a death yak
 11450 | Lair:5   | Noticed a death yak
 11479 | Lair:4   | Killed a death yak
 11524 | Lair:4   | Killed a death yak
 11525 | Lair:4   | Reached skill level 21 in Polearms
 11525 | Lair:4   | Reached XP level 13. HP: 60/68 MP: 14/14
 12509 | Lair:6   | Entered Level 6 of the Lair of Beasts
 12598 | Lair:5   | Reached skill level 22 in Polearms
 12683 | Lair:6   | Received a gift from Trog
 12691 | Lair:6   | Mangled by a komodo dragon

Illustrated notes

Levels and vault maps discovered:
D:1:      roderic_dead_forest, layout_basic
D:2:      layout_rooms, shapermc_ecumenical_altar_mp_highgroup
D:3:      layout_loops_corners, gammafunk_temple_overflow_forgotten,
          pf_just_have_faith, minmay_shallow_snake_nest
D:4:      kennysheep_kobold_camp, layout_basic, minivault_27,
          minmay_fractal_squares_5
D:5:      layout_loops_cross, tgw_xom, temple_fountains, uniq_menkaure,
          uniq_sigmund, uniq_grinder
D:6:      layout_rooms
D:7:      layout_gridville, enter_bailey_5
D:8:      layout_basic, uniq_maurice
D:9:      layout_roguey
D:10:     layout_irregular_city, lemuel_tele_altar, erik_lair_island,
          corner_web_ring, hangedman_decor_push, uniq_psyche
Temple:   eino_temple_rhombus
Lair:1:   layout_roguey, lemuel_old_faithful, infiniplex_staircase_pool,
          uniq_maggie
Lair:2:   layout_regular_city, spider_nest_entry_a
Lair:3:   layout_cellular_growth, minmay_shoals_entry_lonely_mermaid
Lair:4:   layout_cave_shapes, beast_lair_carwin_8
Lair:5:   layout_cave_pods, slime_altar_1, serial_bayou_shore_a
Lair:6:   gammafunk_lair_ancient_temple, layout_gridlike, serial_bayou_shore_b

Skill      XL: |  1  2  3  4  5  6  7  8  9 10 11 12 13 |
---------------+----------------------------------------+-----
Polearms       | 4 5 6 7 8 10 12 14 16 19 21 22 | 22.2
Fighting       | |  3.0
Armour         | |  2.1
Dodging        | |  2.1

Action                   |  1- 3 |  4- 6 |  7- 9 | 10-12 | 13-15 || total
-------------------------+-------+-------+-------+-------+-------++-------
Melee: Spear             |    30 |       |       |       |       ||    30
       Kick              |     7 |    12 |    32 |    90 |    37 ||   178
       Peck              |     3 |     6 |    13 |    48 |    19 ||    89
       Bardiche          |    18 |    93 |   154 |   336 |   103 ||   704
       Trident           |       |       |       |     2 |       ||     2
Invok: Berserk           |       |       |     1 |       |     3 ||     4
       Trog's Hand       |       |       |     1 |       |       ||     1
Evoke: Wand              |       |       |       |     9 |       ||     9
  Use: Scroll            |     3 |     2 |     8 |    14 |     2 ||    29
       Potion            |       |       |       |       |     5 ||     5
 Stab: Sleeping          |     2 |       |       |       |       ||     2
       Petrifying        |       |       |       |     1 |       ||     1
Armor: Animal skin       |     6 |     3 |       |       |       ||     9
       Ring mail         |       |    11 |       |       |       ||    11
       Scale mail        |       |     4 |    25 |       |       ||    29
       Chain mail        |       |     2 |    11 |   181 |    34 ||   228
       Acid dragon scale |       |       |    15 |       |       ||    15
Dodge: Dodged            |     8 |    36 |    99 |   147 |    47 ||   337

Table legend: (Time is in decaauts)
 A = Elapsed time spent in this place.
 B = Non-inter-level travel time spent in this place.
 C = Inter-level travel time spent in this place.
 D = Time resting spent in this place.
 E = Time spent auto-exploring this place.
 F = Levels seen in this place.
 G = Mean time per level.
                   A        B        C        D        E       F      G
               +--------+--------+--------+--------+--------+-----+--------+
         Total |  12074 |  11530 |    544 |   1469 |   7869 |  18 |  670.8 |
       Dungeon |   7469 |   7148 |    321 |    939 |   4818 |  10 |  746.9 |
        Temple |    176 |    165 |     11 |      0 |    163 |   1 |  176.0 |
          Lair |   4289 |   4078 |    211 |    519 |   2847 |   6 |  714.8 |
        Bailey |    139 |    139 |      0 |     10 |     40 |   1 |  139.0 |
               +--------+--------+--------+--------+--------+-----+--------+

Top non-repeatable levels by time:
     D:3: 1270 daAuts
  Lair:4: 1103 daAuts
  Lair:5: 1090 daAuts
     D:8: 908 daAuts
  Lair:2: 815 daAuts
     D:2: 786 daAuts
     D:1: 777 daAuts
     D:4: 731 daAuts
     D:5: 683 daAuts
    D:10: 680 daAuts
  Lair:1: 634 daAuts
     D:7: 617 daAuts
  Lair:3: 592 daAuts
     D:6: 524 daAuts
     D:9: 489 daAuts
